 Dungeon Crawl Stone Soup version 0.28.0-1-gb440e238dd (webtiles) character file.

Game seed: 5907399814844830402

11 Zeldest the Magician (level 2, 0/14 HPs)
             Began as a Vine Stalker Wanderer on Feb 24, 2022.
             Slain by a jackal (1 damage)
             ... on level 1 of the Dungeon.
             The game lasted 00:00:59 (178 turns).

Zeldest the Magician (Vine Stalker Wanderer)         Turns: 178, Time: 00:01:00

Health: 0/14       AC:  2    Str: 12    XL:     2   Next: 29%
Magic:  0/7        EV: 11    Int: 15    God:
Gold:   0          SH:  0    Dex: 12    Spells: 7/7 levels left

rFire   . . .      SeeInvis .     - Unarmed
rCold   . . .      Faith    .   (no shield)
rNeg    . . .      Spirit   +   b - +0 robe
rPois   .          Reflect  .   (no helmet)
rElec   .          Harm     .   (no cloak)
rCorr   .          Rampage  .   (no gloves)
Will    .....                   (no boots)
Stlth   +.........              (no amulet)
HPRegen 0.04/turn               (no ring)
MPRegen 0.10/turn               (no ring)

@: no status effects
A: fangs 2, magic shield, antimagic bite, no potion heal 2
a: no special abilities


You were on level 1 of the Dungeon.
You visited 1 branch of the dungeon, and saw 1 of its levels.

Inventory:

Armour
 b - a +0 robe (worn)
Wands
 c - a wand of polymorph (4) (quivered)
Scrolls
 a - a scroll of identify {unknown}


   Skills:
 + Level 0.8 Fighting
 - Level 1.0 Armour
 * Level 1.4 Unarmed Combat
 - Level 3.2 Spellcasting
 - Level 2.0 Conjurations
 - Level 2.6 Evocations


You had 7 spell levels left.
You didn't know any spells.
Your spell library contained the following spells:

 Spells                   Type           Power      Damage    Failure   Level
 Magic Dart               Conj           32%        1d4       9%          1
 Shock                    Conj/Air       20%        1d4       13%         1
 Blink                    Tloc           4%         N/A       30%         2
 Stone Arrow              Conj/Erth      10%        3d7       36%         3
 Vampiric Draining        Necr           2%         2d6       52%         3


Dungeon Overview and Level Annotations

Branches:
Dungeon (1/15)

Altars:


Innate Abilities, Weirdness & Mutations

You have extremely sharp teeth.
When hurt, damage is shared between your health and your magic reserves.
Your bite disrupts and absorbs the magic of your enemies.
Potions cannot restore your health.


Message History

The jackal is almost dead.
The jackal barely misses you.
You hit the jackal but do no damage. Your bite misses the jackal.
The jackal is severely wounded.
The jackal barely misses you. The jackal misses you.
You closely miss the jackal.
The jackal is severely wounded.
The jackal bites you but does no damage.
You barely miss the jackal. Your bite misses the jackal.
The jackal is severely wounded.
The jackal bites you.
You hit the jackal.
You kill the jackal!
You hit the ball python.
The ball python is severely wounded.
The ball python barely misses you. x2; The ball python closely misses you.
The ball python grabs you. The ball python constricts you.
You closely miss the ball python.
The ball python is severely wounded.
The ball python bites you.
* * * LOW HITPOINT WARNING * * *
The ball python constricts you.
You closely miss the ball python.
The ball python is severely wounded.
The ball python barely misses you. The ball python constricts you.
You hit the ball python.
You kill the ball python!
The jackal bites you.
* * * LOW HITPOINT WARNING * * *
You barely miss the jackal. Your bite misses the jackal.
The jackal bites you but does no damage.
You hit the jackal but do no damage. You bite the jackal, but do no damage.
The jackal bites you.
* * * LOW HITPOINT WARNING * * *
The jackal bites you.
* * * LOW HITPOINT WARNING * * *
You hit the jackal.
The jackal is severely wounded.
The jackal bites you.
You die...

#...# ## # .......# #.#...#..
.#..... ..... .h. #########
#h# #.≈≈8≈≈.# ...
#@###.##..≈≈≈..# ...
#.....###.....## #.# ##'#####
#..##.# #.# ##...## ##....#
##.#### ##.....## #.####
##...#.## ##.......## #..##
#.......####.........####...##
...........'.........'.......#
###.#...####.........###....##


You could see 2 jackals.

Vanquished Creatures
  A dart slug (D:1)
  A giant cockroach (D:1)
  2 jackals (D:1)
  A quokka (D:1)
  3 ball pythons (D:1)
8 creatures vanquished.

Notes
Turn   | Place    | Note
-------+----------+-------------------------------------------
     0 | D:1      | Zeldest the Vine Stalker Wanderer began the quest for the
                  | Orb.
     0 | D:1      | Zeldest set off with the following items: a +0 club, a +0
                  | robe, a wand of polymorph (4); and the following spells
                  | available to memorise: Magic Dart, Shock, Blink, Stone
                  | Arrow, Vampiric Draining
     0 | D:1      | Reached XP level 1. HP: 9/9 MP: 5/5
   125 | D:1      | Reached skill level 1 in Unarmed Combat
   153 | D:1      | Reached XP level 2. HP: 8/14 MP: 7/7
   178 | D:1      | Slain by a jackal

Illustrated notes

Levels and vault maps discovered:
D:1:      sevenhm_arrival_forest_fort_small_4, layout_loops_corners,
          hellmonk_ecumenical_altar_arch_garden, moated_statue

Skill      XL: |  1 |
---------------+----+-----
Unarmed Combat | 1 |  1.4
Fighting       | |  0.8
Armour         | |  1.0
Spellcasting   | |  3.2
Conjurations   | |  2.0
Evocations     | |  2.6

Action                   || total
-------------------------++-------
Melee: Unarmed           ||    39
       Bite              ||    10
Armor: Robe              ||     5
Dodge: Dodged            ||    22
